 Dungeon Crawl Stone Soup version 0.19.5 (webtiles) character file.

41 QuCean the Digger (level 3, -5/19 HPs)
             Began as a Gargoyle Earth Elementalist on May 9, 2017.
             Killed from afar by Jessica (8 damage)
             ... with a wand of flame
             ... on level 2 of the Dungeon.
             The game lasted 00:07:38 (1381 turns).

QuCean the Digger (Gargoyle Earth Elementalist)     Turns: 1381, Time: 00:07:38

Health: -5/19      AC: 10    Str: 11    XL:     3   Next: 52%
Magic:  0/7        EV:  9    Int: 16    God:
Gold:   68         SH:  0    Dex: 10    Spells: 1 memorised, 6 levels left

rFire  . . .     SeeInvis .     b - 5 stones
rCold  . . .     Gourm    .     q - +0 scale mail
rNeg   + . .     Faith    .     (no shield)
rPois  ∞         Spirit   .     (no helmet)
rElec  +         Reflect  .     (no cloak)
rCorr  .         Harm     .     p - +0 pair of gloves
MR     .....                    (no boots)
Stlth  ..........               (no amulet)
                                (no ring)
                                (no ring)

@: very slightly contaminated
A: negative energy resistance 1, electricity resistance, unbreathing,
petrification resistance, rot immunity, AC +3
a: no special abilities


You were on level 2 of the Dungeon.
You were very hungry.

You visited 1 branch of the dungeon, and saw 2 of its levels.

You collected 68 gold pieces.

Inventory:

Missiles
 b - 5 stones (in hand)
Armour
 c - a +0 robe
 p - a +0 pair of gloves (worn)
 q - a +0 scale mail (worn)
Scrolls
 f - a scroll of magic mapping {unknown}
 k - a scroll of immolation
 l - a scroll of amnesia {unknown}
 o - a scroll of enchant weapon {unknown}
 r - a scroll of identify
Potions
 a - a potion of magic {unknown}
 g - a potion of heal wounds {unknown}
 i - 2 potions of resistance {unknown}
 m - a potion of curing {unknown}
 n - a potion of brilliance {unknown}
Books
 e - a book of Geomancy

   Spells                             Type                      Level
   a - Sandblast                      Earth                        1
   b - Passwall                       Transmutation/Earth          2
   c - Stone Arrow                    Conjuration/Earth            3
   d - Petrify                        Transmutation/Earth          4
   e - Lee's Rapid Deconstruction     Earth                        5
Comestibles
 d - a bread ration
 h - a beef jerky
 j - 2 chunks of flesh


   Skills:
 + Level 0.2 Fighting
 + Level 1.8 Dodging
 + Level 2.3 Stealth
 + Level 0.4 Unarmed Combat
 + Level 2.6 Spellcasting
   Level 0.7 Transmutations
 + Level 4.2 Earth Magic


You had 6 spell levels left.
You knew the following spells:

 Your Spells              Type           Power        Failure   Level  Hunger
a - Sandblast             Erth           ###...       24%         1    #......


Dungeon Overview and Level Annotations

Branches:
Dungeon (2/15)

Altars:

Annotations:
D:2 Jessica


Innate Abilities, Weirdness & Mutations

You are resistant to torment.
Your stone body is resilient. (AC +3)
You are immune to poison.
You resist negative energy. (rN+)
You are resistant to electric shocks. (rElec)
You can survive without breathing.
You are immune to petrification.
You are immune to rotting.


Message History

You miscast Sandblast.
Nothing appears to happen.
The adder barely misses you.
The leopard gecko bites you but does no damage.
Jessica zaps a wand.
The puff of flame hits you!
* * * LOW HITPOINT WARNING * * *
The leopard gecko barely misses you.
Jessica gestures wildly while chanting.
Jessica blinks!
The adder bites you but does no damage.
An adder comes into view.
The adder hisses angrily.
The leopard gecko bites you but does no damage.
Jessica casts a spell at you.
You barely resist.
A quokka comes into view.
The adder bites you but does no damage. Jessica hits you but does no damage.
Your scale mail prevents you from hitting Jessica.
Jessica is moderately wounded.
The adder barely misses you. The adder bites you but does no damage.
The leopard gecko barely misses you. The adder bites you but does no damage.
Jessica zaps a wand.
The puff of flame hits you!
You die...

.........# #.#.
#.........# #...
#.........+.# #.
#####.........#.#
#####.
..............#.#
#.....
................#
#.....
...........†....#
#....)
....r.S.l.......#
#.....
......@@S.......#
###.##
......######.########.#
..... #..........# ....
############ ... .. #


You could see 2 adders, Jessica, a leopard gecko and a quokka.

Vanquished Creatures
  A dart slug (D:1)
  A leopard gecko (D:2)
  4 bats (D:1)
  4 giant cockroaches (D:1)
  3 goblins
  3 hobgoblins (D:1)
  6 jackals (D:1)
  2 kobolds (D:1)
  3 frilled lizards (D:1)
  8 rats
35 creatures vanquished.

Notes
Turn   | Place    | Note
-------+----------+-------------------------------------------
     0 | D:1      | QuCean the Gargoyle Earth Elementalist began the quest for the Orb.
     0 | D:1      | Reached XP level 1. HP: 10/10 MP: 3/3
   215 | D:1      | Reached XP level 2. HP: 8/15 MP: 1/5
   504 | D:1      | Reached skill level 4 in Earth Magic
   595 | D:1      | Reached XP level 3. HP: 11/19 MP: 0/6
  1362 | D:2      | Noticed Jessica
  1381 | D:2      | Killed from afar by Jessica

Skill      XL: |  1  2 |
---------------+-------+-----
Earth Magic    | 4 |  4.2
Fighting       | |  0.2
Dodging        | |  1.8
Stealth        | |  2.3
Unarmed Combat | |  0.4
Spellcasting   | |  2.6
Transmutations | |  0.7

Action                   || total
-------------------------++-------
Melee: Unarmed           ||    36
 Cast: Sandblast         ||    53
  Use: Scroll            ||     1
  Eat: Chunk             ||     1
Armor: Robe              ||    24
       Scale mail        ||    21
Dodge: Dodged            ||    87
